 Dungeon Crawl Stone Soup version 0.15.1-1-gfacfea3 (webtiles) character file.

122 Kold the Ducker (level 5, 0/35 HPs)
             Began as a Merfolk Ice Elementalist on Sept 20, 2014.
             Slain by a gnoll
             ... wielding a +0 club
              (6 damage)
             ... on Level 2 of the Dungeon.
             The game lasted 00:07:17 (2254 turns).

Kold the Ducker (Merfolk Ice Elementalist)          Turns: 2254, Time: 00:07:17

HP   0/35        AC  3     Str  8      XL: 5   Next:  6%
MP   0/9         EV 15     Int 15      God:
Gold 78          SH  0     Dex 15      Spells:  2 memorised,  4 levels left

rFire  . . .     SeeInvis .     g - +0 whip
rCold  . . .     Clarity  .     a - +0 robe
rNeg   . . .     rCorr    .     (no shield)
rPois  .         rRot     .     (no helmet)
rElec  .         Spirit   .     k - +0 cloak
SustAb .         Warding  .     (no gloves)
rMut   .         Stasis   .     (no boots)
Gourm  .                        (no amulet)
MR     .....                    (no ring)
                                (no ring)

@: very slightly contaminated, not resistant to hostile enchantments, unstealthy
A: change form in water, swift swim
a: no special abilities


You were on level 2 of the Dungeon.
You were hungry.

You visited 1 branch of the dungeon, and saw 2 of its levels.

You collected 78 gold pieces.

Inventory:

Hand weapons
 g - a +0 whip (weapon)
Armour
 a - a +0 robe (worn)
 k - a +0 cloak (worn)
Comestibles
 c - 3 bread rations
 f - a beef jerky
 j - 7 fruits
 n - a chunk of rat flesh
Scrolls
 d - 3 scrolls of amnesia {unknown}
 e - 4 scrolls of identify {unknown}
 h - a scroll of remove curse {unknown}
 i - a scroll of random uselessness {unknown}
Jewellery
 l - an uncursed amulet of stasis {unknown}
 m - an uncursed ring of see invisible {unknown}
Books
 b - a book of Frost

   Spells                             Type                      Level
   *Freeze                            Ice                          1
   Throw Frost                        Conjuration/Ice              2
   *Ozocubu's Armour                  Charms/Ice                   3
   Throw Icicle                       Conjuration/Ice              4
   Summon Ice Beast                   Ice/Summoning                4
   Condensation Shield                Ice                          4


   Skills:
 + Level 5.1 Dodging
 - Level 2.1 Stealth
 - Level 2.0 Spellcasting
   Level 0.7 Conjurations
 + Level 4.9 Ice Magic


You had 4 spell levels left.
You knew the following spells:

 Your Spells              Type           Power        Failure   Level  Hunger
a - Freeze                Ice            ###.         3%          1    #......
b - Ozocubu's Armour      Chrm/Ice       #.......     30%         3    ####...


Dungeon Overview and Level Annotations

Branches:
Dungeon (2/15)

Altars:


Message History

You are feeling hungry.
You hit the gnoll.
You kill the gnoll!
You have reached level 5!
You feel clever.
You barely miss the gnoll. The gnoll hits you with a club.
* * * LOW HITPOINT WARNING * * *
You hit the gnoll.
The gnoll is lightly wounded.
The gnoll hits you with a club.
* * * LOW HITPOINT WARNING * * *
Casting: Freeze
Confirm with . or Enter, or press ? or * to list all spells.
Aiming: Freeze
Press: ? - help, Shift-Dir - straight line, f - gnoll
Aim: a gnoll, wielding a club You freeze the gnoll.
The gnoll is lightly wounded.
The gnoll hits you with a club.
You die...

......# #..#
......###..#
#.##.......?
#.##......(.
#.##........
#......##...
#...........
########...........
#.@gK..)...........
#.######...........
.J♣
#.##...............
..
#.##[..............
♣.♣
#.##...............
..♣
#.##...............
♣..
#.######......#....
..♣ #.#
#......#.... ..♣
#.# #......#....


You could see a gnoll and a kobold.

Vanquished Creatures
  2 gnolls (D:2)
  4 adders (D:2)
  2 worms (D:2)
  An ooze (D:2)
  A ball python (D:1)
  4 giant cockroaches
  9 goblins
  6 hobgoblins (D:1)
  A jackal (D:2)
  6 kobolds
  6 bats
  2 giant newts (D:1)
  8 rats
52 creatures vanquished.

Notes
Turn   | Place    | Note
--------------------------------------------------------------
     0 | D:1      | Kold, the Merfolk Ice Elementalist, began the quest for the Orb.
     0 | D:1      | Reached XP level 1. HP: 13/13 MP: 3/3
   371 | D:1      | Reached XP level 2. HP: 19/19 MP: 2/4
   879 | D:1      | Reached skill level 4 in Ice Magic
   906 | D:1      | Reached XP level 3. HP: 20/24 MP: 0/6
  1416 | D:2      | Reached XP level 4. HP: 12/30 MP: 0/7
  1976 | D:2      | Learned a level 3 spell: Ozocubu's Armour
  2224 | D:2      | Reached skill level 5 in Dodging
  2247 | D:2      | Reached XP level 5. HP: 15/35 MP: 0/9
  2254 | D:2      | Slain by a gnoll

Action                   |  1- 3 |  4- 6 || total
-------------------------+-------+-------++-------
Melee: Unarmed           |    26 |       ||    26
       Whip              |    20 |    47 ||    67
 Cast: Freeze            |    53 |    28 ||    81
       Ozocubu's Armour  |       |     3 ||     3
 Stab: Sleeping          |       |     2 ||     2
  Eat: Chunk             |     1 |     5 ||     6
